 Dungeon Crawl Stone Soup version 0.25-a0-341-g6f074c887a (webtiles) character file.

Game seed: 2921943264167241054, levelgen mode: deterministic

0 Gargoyl the Skirmisher (level 1, -1/19 HPs)
             Began as a Centaur Abyssal Knight on Dec 30, 2019.
             Was a Follower of Lugonu.
             Killed from afar by a hellion (20 damage)
             ... with damnation
             ... on level 1 of the Abyss.
             The game lasted 00:00:35 (156 turns).

Gargoyl the Skirmisher (Centaur Abyssal Knight)      Turns: 156, Time: 00:00:36

Health: -1/19      AC:  4    Str: 14    XL:     1   Next: 0%
Magic:  2/2        EV:  9    Int: 11    God:    Lugonu [*.....]
Gold:   0          SH:  0    Dex:  8    Spells: 0/0 levels left

rFire    . . .     SeeInvis .   a - +1 hand axe
rCold    . . .     Gourm    .   (no shield)
rNeg     . . .     Faith    .   b - +0 leather armour
rPois    .         Spirit   .   (no helmet)
rElec    .         Reflect  .   (no cloak)
rCorr    .         Harm     .   (no gloves)
MR       .....                  (no barding)
Stlth    ..........             (no amulet)
HPRegen  0.06/turn              (no ring)
MPRegen  0.08/turn              (no ring)

@: very quick
A: large, hooves 3, deformed body, speed 2, tough skin 3
a: Depart the Abyss, Renounce Religion


You were on level 1 of the Abyss.
You worshipped Lugonu.
Lugonu was aware of your devotion.
You were not hungry.

You visited 0 branches of the dungeon, and saw 0 of its levels.
You visited the Abyss 1 time.

Inventory:

Hand Weapons
 a - a +1 hand axe (weapon)
Armour
 b - a +0 leather armour (worn)
Comestibles
 c - a ration


   Skills:
 + Level 3.0 Fighting
 + Level 1.7 Axes
 + Level 1.3 Armour
 + Level 0.6 Dodging
 + Level 2.0 Invocations


You couldn't memorise any spells.
You didn't know any spells.
Your spell library was empty.

Dungeon Overview and Level Annotations

Branches:
Dungeon (0/15)

Altars:


Innate Abilities, Weirdness & Mutations

You have hooves in place of feet.
Armour fits poorly on your strangely shaped body.
You cover ground very quickly.
You have extremely tough skin. (AC +3)


Message History

A tentacle flies out from the starspawn's body!
A starspawn tentacle comes into view.
A stone giant zombie comes into view.
A white imp comes into view.
The white imp shouts!
A bone dragon comes into view.
A raiju comes into view.
The white imp shouts, "Give up, thou dissembling dread-bolted scavenger!"
Found 18 gold pieces.
The white imp laughs crazily.
A hellion comes into view.
A ynoxinul comes into view.
The ynoxinul bellows!
The raiju bursts into living lightning!
The living lightning misses you.
The raiju blinks!
The hellion gives a hideous shriek!
The hellion gestures at you.
The sphere of damnation explodes!
The damnation engulfs you!!
Ouch! That really hurt!
You die...

.......... ..
........ ...
#......# ...
...##......##...
................
.......h........
................
.......@........
..................
.........$.........
......##......##.2.
.. ...##......##..2
..........ยง........
..........5........
...........XD......
. ........Z........


You could see a bone dragon, a tentacled starspawn, a hellion, a raiju and a
white imp.

Vanquished Creatures (others)
  2 starspawn tentacles (Abyss:1)
2 creatures vanquished.

Notes
Turn   | Place    | Note
-------+----------+-------------------------------------------
     0 | Abyss:1  | Gargoyl the Centaur Abyssal Knight began the quest for the
                  | Orb.
     0 | Abyss:1  | Reached XP level 1. HP: 19/19 MP: 2/2
    36 | Abyss:1  | Noticed a small abomination
    38 | Abyss:1  | Noticed a small abomination
   114 | Abyss:1  | Noticed a tentacled starspawn
   134 | Abyss:1  | Noticed a stone giant zombie
   139 | Abyss:1  | Noticed a bone dragon
   144 | Abyss:1  | Noticed a raiju
   151 | Abyss:1  | Noticed a hellion
   152 | Abyss:1  | Noticed a ynoxinul
   156 | Abyss:1  | Killed from afar by a hellion

Levels and vault maps discovered:
Abyss:1:  evilmike_abyss_exit_12

Action                   || total
-------------------------++-------
Dodge: Dodged            ||     1

Table legend:
 A = Non-vault XP
 B = Vault XP
 C = Vault XP percentage of total XP
 D = Non-vault monster count
 E = Vault monster count
 F = Vault count percentage of total count
                 A         B        C        D         E       F
            +---------+---------+-------+---------+---------+-------
      Total |       0 |       0 |   N/A |       0 |       0 |  -nan
            +---------+---------+-------+---------+---------+-------
            +---------+---------+-------+---------+---------+-------
